 Dungeon Crawl Stone Soup version 0.31-a0-1547-g618ab1f346 (webtiles) character file.

Game seed: 16403754300476952259

25515 Flugslaktarn the Protected (level 12, -9/111 HPs)
             Began as an Armataur Fighter on Jan 2, 2024.
             Was a High Priest of Okawaru.
             Mangled by a skeletal warrior
             ... wielding a +0 halberd
              (19 damage)
             ... on level 12 of the Dungeon.
             The game lasted 00:09:16 (11398 turns).

Flugslaktarn the Protected (Armataur Fighter)      Turns: 11398, Time: 00:09:17

Health: -9/111     AC: 34    Str: 26    XL:     12   Next: 90%
Magic:  26/26      EV:  9    Int:  9    God:    Okawaru [*****.]
Gold:   423        SH:  7    Dex: 13    Spells: 11/11 levels left

rFire   + . .        a - +1 war axe
rCold   . . .        c - +0 buckler
rNeg    . . .        k - +11 chain mail of Gallantry {Dex+3 SInv}
rPois   .            C - +2 helmet
rElec   .            l - +0 cloak
rCorr   .            p - +2 pair of gloves {hurl}
SInv    +            (no barding)
Will    .....        n - amulet of regeneration Stlth
                     i - ring of magical power
HPRegen 2.48/turn    f - ring of protection from fire
MPRegen 0.86/turn

%: roll
@: heroic
A: large, deformed body, tough skin 3, armoured tail, roll 2
a: Renounce Religion, Heroism, Finesse, Duel


You were on level 12 of the Dungeon.
You worshipped Okawaru.
Okawaru was extremely pleased with you.
You visited 3 branches of the dungeon, and saw 17 of its levels.
You also visited: Sewer.

You collected 876 gold pieces.
You spent 453 gold pieces at shops.

Inventory:

Hand Weapons
 a - a +1 war axe (weapon)
Armour
 c - a +0 buckler (worn)
 k - the +11 chain mail of Gallantry (worn) {Dex+3 SInv}
   (You found it on level 5 of the Dungeon)

   Dex+3:     It affects your dexterity (+3).
   SInv:      It lets you see invisible.
 l - a +0 cloak (worn)
   (You found it on level 5 of the Dungeon)
 p - a +2 pair of gloves of hurling (worn)
   (You found it on level 4 of the Dungeon)
 C - a +2 helmet (worn)
   (You found it on level 9 of the Dungeon)
Jewellery
 f - a ring of protection from fire (right hand)
   (You found it on level 1 of the Dungeon)
 i - a ring of magical power (left hand)
   (You found it on level 1 of the Dungeon)
 n - an amulet of regeneration (around neck)
   (You found it on level 4 of the Dungeon)
 I - a ring of ice
   (You found it on level 2 of the Lair of Beasts)
Wands
 x - a wand of mindburst (9)
   (You found it on level 7 of the Dungeon)
 H - a wand of paralysis (4)
   (You found it on level 2 of the Lair of Beasts)
Scrolls
 g - 4 scrolls of vulnerability
 j - 2 scrolls of revelation
 r - 2 scrolls of identify
 s - 3 scrolls of poison
 z - 3 scrolls of blinking
 B - 2 scrolls of enchant weapon
 F - 3 scrolls of enchant armour
 G - 2 scrolls of fog
Potions
 b - 3 potions of mutation
 d - a potion of might
 e - 2 potions of brilliance
 h - 4 potions of haste
 m - a potion of enlightenment
 o - a potion of berserk rage {unknown}
 q - 4 potions of curing
 u - 3 potions of degeneration {unknown}
 v - 2 potions of invisibility {unknown}
 w - a potion of heal wounds
 A - 3 potions of magic {unknown}
 D - 2 potions of resistance {unknown}
 E - a potion of attraction {unknown}


   Skills:
 * Level 11.6(16.6) Fighting
 * Level 10.4(15.4) Axes
 * Level 13.3(18.3) Armour
 - Level 6.8(11.8) Shields
 + Level 6.6 Invocations


You had 11 spell levels left.
You didn't know any spells.
Your spell library contained the following spells:

 Spells                   Type           Power      Damage    Failure   Level
 Apportation              Tloc           0%         N/A       77%         1
 Kiss of Death            Conj/Necr      0%         2d5       77%         1
 Magic Dart               Conj           0%         1d3       77%         1
 Necrotise                Necr           0%         1d4       77%         1
 Shock                    Conj/Air       0%         1d3       77%         1
 Sting                    Conj/Alch      0%         1d3       77%         1
 Blink                    Tloc           0%         N/A       88%         2
 Lesser Beckoning         Tloc           0%         N/A       88%         2
 Confusing Touch          Hex            0%         N/A       98%         3
 Frozen Ramparts          Ice            0%         1d1       98%         3
 Gell's Gravitas          Tloc           0%         N/A       98%         3
 Inner Flame              Hex/Fire       0%         N/A       98%         3
 Swiftness                Air            0%         N/A       98%         3
 Teleport Other           Tloc           0%         N/A       98%         3
 Airstrike                Air            0%         2d(0-16)  100%        4
 Dimensional Bullseye     Hex/Tloc       0%         N/A       100%        4
 Dispel Undead            Necr           0%         3d6       100%        4
 Flame Wave               Conj/Fire      0%         2d4       100%        4
 Iskenderun's Mystic Bla  Conj/Tloc      0%         2d3       100%        4
 Leda's Liquefaction      Alch/Erth      0%         N/A       100%        4
 Passage of Golubria      Tloc           0%         N/A       100%        4
 Petrify                  Alch/Erth      0%         N/A       100%        4
 Sticky Flame             Fire/Alch      0%         2d4       100%        4
 Alistair's Intoxication  Alch           0%         N/A       100%        5
 Borgnjor's Vile Clutch   Necr/Erth      0%         N/A       100%        5
 Freezing Cloud           Conj/Ice/Air   0%         6-21      100%        5
 Metabolic Englaciation   Hex/Ice        0%         N/A       100%        5
 Yara's Violent Unravell  Hex/Alch       0%         3d3       100%        5
 Eringya's Noxious Bog    Alch           0%         4d6       100%        6
 Orb of Destruction       Conj           0%         9d5       100%        7
 Polar Vortex             Ice            0%         N/A       100%        9
 Summon Small Mammal      Summ           Unusable   N/A       N/A         1
 Call Imp                 Summ           Unusable   N/A       N/A         2
 Tukima's Dance           Hex            Unusable   N/A       N/A         3
 Summon Blazeheart Golem  Fire/Summ      Unusable   N/A       N/A         4
 Spellforged Servitor     Conj/Summ      Unusable   N/A       N/A         7

Dungeon Overview and Level Annotations

Branches:
Dungeon (12/15)            Temple (1/1) D:7            Lair (4/5) D:10
    Orc (0/2) D:11          Sewer (visited)
  Swamp: Lair:2-3    Shoals: Lair:2-3     Snake: Lair:2-3    Spider: Lair:2-3
  Slime: Lair:4-5

Altars:
Ashenzari
Cheibriados
Dithmenos
Elyvilon
Fedhas
Gozag
Hepliaklqana
Kikubaaqudgha
Makhleb
Nemelex Xobeh
Okawaru
Qazlal
Ru
Sif Muna
Trog
Uskayaw
Vehumet
Wu Jian
Xom
Yredelemnul
Zin
The Shining One

Shops:
D:1 *   D:6 [*   D:10 ?

Annotations:
D:8 3 runed translucent doors, PanSaczeczos's ghost, novice TeRe
Lair:2 Fannar


Innate Abilities, Weirdness & Mutations

Armour fits poorly on your strangely shaped body.
You have extremely tough skin. (AC +3)
You have a long armoured tail.
You regenerate magic and health when rolling toward enemies. (Rampage Regen)


Message History

You hit the skeletal warrior but do no damage.
The skeletal warrior completely misses you.
The skeletal warrior closely misses you.
You hit the skeletal warrior but do no damage.
The skeletal warrior is lightly damaged.
You slash the skeletal warrior!
The skeletal warrior hits you with a +1 battleaxe of flaming!
The skeletal warrior hits you with a +0 war axe!
You hit the skeletal warrior.
The skeletal warrior is lightly damaged.
You hit the skeletal warrior but do no damage.
The skeletal warrior hits you but does no damage. x2
You slash the skeletal warrior! You tail-slap the skeletal warrior.
The skeletal warrior is moderately damaged.
You closely miss the skeletal warrior.
A skeletal warrior comes into view. It is wielding a +0 halberd.
You block the skeletal warrior's attack. x2
Press: ? - help, v - describe, . - travel
Here: a skeletal warrior, wielding a +1 battleaxe of flaming (moderately damaged)
The floor.
Unknown command.
You gain the combat prowess of a mighty hero.
The skeletal warrior hits you but does no damage.
You roll towards the skeletal warrior!
You barely miss the skeletal warrior.
You tail-slap the skeletal warrior, but do no damage.
You closely miss the skeletal warrior. You hit the skeletal warrior.
You completely miss the skeletal warrior.
The skeletal warrior is heavily damaged.
You hit the skeletal warrior. x2
You block the skeletal warrior's attack.
The skeletal warrior hits you with a +0 war axe!
You block the skeletal warrior's attack.
You barely miss the skeletal warrior.
The skeletal warrior is heavily damaged.
You barely miss the skeletal warrior.
You hit the skeletal warrior but do no damage.
You block the skeletal warrior's attack.
The skeletal warrior hits you but does no damage. x2
You hit the skeletal warrior but do no damage.
The skeletal warrior is heavily damaged.
You hit the skeletal warrior but do no damage. x2
The skeletal warrior barely misses you.
The skeletal warrior hits you but does no damage.
You block the skeletal warrior's attack.
You slash the skeletal warrior!
The skeletal warrior is severely damaged.
You hit the skeletal warrior but do no damage.
You slash the skeletal warrior!
The skeletal warrior hits you with a +0 halberd!
You block the skeletal warrior's attack.
The skeletal warrior hits you with a +0 war axe!
You barely miss the skeletal warrior.
The skeletal warrior is severely damaged.
You barely miss the skeletal warrior. x2
You hit the skeletal warrior but do no damage.
The skeletal warrior is severely damaged.
You slash the skeletal warrior! x2
The skeletal warrior hits you with a +0 halberd.
You block the skeletal warrior's attack.
The skeletal warrior hits you but does no damage.
You completely miss the skeletal warrior.
The skeletal warrior is severely damaged.
You closely miss the skeletal warrior.
You hit the skeletal warrior but do no damage.
The skeletal warrior hits you but does no damage. x2
The skeletal warrior hits you with a +0 war axe!
You slash the skeletal warrior!
The skeletal warrior is almost destroyed.
You hit the skeletal warrior but do no damage. x2
You block the skeletal warrior's attack.
The skeletal warrior hits you with a +1 battleaxe of flaming!
* * * LOW HITPOINT WARNING * * *
The skeletal warrior burns you.
* * * LOW HITPOINT WARNING * * *
The skeletal warrior barely misses you.
You barely miss the skeletal warrior. You tail-slap the skeletal warrior.
You destroy the skeletal warrior!
Okawaru accepts your kill.
You closely miss the skeletal warrior. You hit the skeletal warrior.
The skeletal warrior hits you with a +0 halberd.
* * * LOW HITPOINT WARNING * * *
The skeletal warrior hits you with a +1 battleaxe of flaming.
* * * LOW HITPOINT WARNING * * *
You barely miss the skeletal warrior.
The skeletal warrior is severely damaged.
You hit the skeletal warrior but do no damage.
You slice the skeletal warrior!!
You destroy the skeletal warrior!
Okawaru is honoured by your kill.
You hit the skeletal warrior.
The skeletal warrior hits you with a +0 halberd!
* * * LOW HITPOINT WARNING * * *
You slice the skeletal warrior!!
The skeletal warrior is heavily damaged.
The skeletal warrior hits you but does no damage.
You hit the skeletal warrior.
You tail-slap the skeletal warrior, but do no damage.
The skeletal warrior is heavily damaged.
The skeletal warrior hits you with a +0 halberd!!
You die...

##.#### #..# #..# #.##
#.# #.# #
############.##
#####.#))...........##
......z@.............##
###...#######.....##..##
#.. #.....####..# #..
##....## ###. ....
##.....# ## ....
##......# #. ....##
#......## #.. ......#
##......# ###
.......##.......#


You could see a skeletal warrior.

Vanquished Creatures
  2 hydras (Lair:3)
  2 two-headed ogres (D:10)
  Urug (Lair:2)
  Nergalle (Lair:2)
  2 skeletal warriors (D:12)
  A manticore (D:8)
  Maurice (D:10)
  A cyclops (D:11)
  4 elephants (Lair:3)
  Joseph (D:10)
  4 cane toads
  2 gargoyles
  2 unseen horrors (D:10)
  3 kobold demonologists
  Jeremiah (D:6)
  6 komodo dragons
  4 rime drakes
  3 trolls
  Grinder (D:5)
  3 wyverns
  3 wraiths
  2 shadows
  2 basilisks
  21 yaks
  A steam dragon (D:6)
  3 vampire mosquitoes (D:10)
  Menkaure (D:6)
  An acid dragon (D:9)
  11 water moccasins
  Duvessa (D:6)
  Pargi (Sewer)
  2 orc warriors
  3 ice beasts
  A black bear (D:7)
  4 ogres
  8 centaurs
  2 phantoms
  4 kobold brigands
  7 bullfrogs
  A necrophage (D:8)
  2 brain worms (Sewer)
  3 scorpions
  11 wights
  Dowan (D:6)
  5 killer bees
  5 howler monkeys
  2 bombardier beetles
  2 gnoll boudas
  A jelly (D:7)
  9 orc priests
  3 hounds
  2 iguanas (D:5)
  A sleepcap (D:7)
  10 orc wizards
  A hound skeleton (D:8)
  10 gnolls
  7 adders
  A shadow imp (D:6)
  6 ufetubi
  3 ribbon worms
  65 orcs
  8 endoplasms
  6 giant cockroaches
  A goblin (D:3)
  11 hobgoblins
  5 jackals
  24 kobolds
  2 quokkas (D:2)
  6 ball pythons
  4 bats
  A frilled lizard (D:3)
  10 rats
352 creatures vanquished.

Vanquished Creatures (others)
  An orc wizard (D:4)
1 creature vanquished.

Grand Total: 353 creatures vanquished

Notes
Turn   | Place    | Note
-------+----------+-------------------------------------------
     0 | D:1      | Flugslaktarn the Armataur Fighter began the quest for the
                  | Orb.
     0 | D:1      | Reached XP level 1. HP: 18/18 MP: 1/1
   177 | D:1      | Reached XP level 2. HP: 25/25 MP: 2/2
   533 | D:1      | Found Ruruetyuna's Assorted Antiques.
   817 | D:2      | Reached XP level 3. HP: 28/31 MP: 3/3
   977 | D:2      | Reached skill level 4 in Armour
  1172 | D:3      | Reached XP level 4. HP: 35/38 MP: 4/4
  2208 | D:3      | Found a faded altar of an unknown god.
  2355 | D:4      | Reached XP level 5. HP: 46/46 MP: 5/5
  2421 | D:4      | Found a shimmering altar of Xom.
  2421 | D:4      | Found a hazy altar of Hepliaklqana.
  2491 | D:4      | Found a broken altar of Ashenzari.
  3089 | D:5      | Entered Level 5 of the Dungeon
  3089 | D:5      | Noticed an ogre
  3095 | D:5      | Killed an ogre
  3096 | D:5      | Reached XP level 6. HP: 28/52 MP: 6/6
  3177 | D:5      | Identified the +11 chain mail of Gallantry {Dex+3 SInv}
  3227 | D:5      | Noticed an ice beast
  3242 | D:5      | Killed an ice beast
  3251 | D:5      | Reached skill level 5 in Armour
  3351 | D:5      | Noticed Grinder
  3353 | D:5      | Paralysed by Grinder for 2 turns
  3362 | D:5      | Paralysed by Grinder for 4 turns
  3378 | D:5      | Killed Grinder
  3379 | D:5      | Reached skill level 5 in Fighting
  3379 | D:5      | Gained mutation: You regenerate magic and health when
                  | rolling toward enemies. (Rampage Regen) [Armataur growth]
  3379 | D:5      | Reached XP level 7. HP: 61/61 MP: 7/7
  3452 | D:5      | Reached skill level 5 in Shields
  3493 | D:5      | Reached XP level 8. HP: 70/70 MP: 8/8
  3635 | D:5      | Found a basalt altar of Yredelemnul.
  3635 | D:5      | Found a snail-covered altar of Cheibriados.
  3686 | D:5      | Reached skill level 5 in Axes
  3882 | D:5      | Reached skill level 6 in Armour
  4042 | D:6      | Noticed Menkaure
  4049 | D:6      | Killed Menkaure
  4072 | D:6      | Noticed Jeremiah
  4263 | D:6      | Killed Jeremiah
  4264 | D:6      | Reached XP level 9. HP: 22/65 MP: 9/9
  4295 | D:6      | Found a shadowy altar of Dithmenos.
  4311 | D:6      | Noticed Dowan
  4311 | D:6      | Noticed Duvessa
  4318 | D:6      | Killed Dowan
  4323 | D:6      | Killed Duvessa
  4369 | D:6      | Found Teogga Doge's Antique Armour Boutique.
  4385 | D:6      | Reached skill level 7 in Armour
  4416 | D:6      | Found a glowing drain.
  4420 | Sewer    | Entered a sewer
  4558 | Sewer    | Noticed Pargi
  4567 | Sewer    | Killed Pargi
  4645 | D:6      | Got the Incunabulum of Frost
  4737 | D:6      | Found Heumepne's General Store.
  4746 | D:6      | Bought a potion of mutation for 96 gold pieces
  4800 | D:6      | Found a hide-covered altar of Uskayaw.
  4865 | D:6      | Noticed a troll
  4874 | D:6      | Killed a troll
  5045 | D:7      | Found a staircase to the Ecumenical Temple.
  5070 | Temple   | Entered the Ecumenical Temple
  5095 | Temple   | Became a worshipper of Warmaster Okawaru
  5164 | D:7      | Noticed a kobold demonologist
  5191 | D:7      | Noticed a red devil
  5197 | D:7      | Killed a kobold demonologist
  5198 | D:7      | Reached skill level 1 in Invocations
  5307 | D:7      | Reached skill level 8 in Armour
  5313 | D:7      | Reached * piety under Okawaru
  5403 | D:7      | Reached XP level 10. HP: 87/88 MP: 10/10
  5790 | D:8      | Noticed a manticore
  5802 | D:8      | HP: 6/133 [manticore (4)]
  5802 | D:8      | HP: 2/133 [manticore (4)]
  5812 | D:8      | Killed a manticore
  5883 | D:8      | Found a burning altar of Makhleb.
  5918 | D:8      | Noticed PanSaczeczos's ghost (novice TeRe)
  5920 | D:8      | Reached ** piety under Okawaru
  5945 | D:8      | Reached skill level 9 in Armour
  6029 | D:8      | Found a runed translucent gate.
  6029 | D:8      | Found a runed translucent gate.
  6029 | D:8      | Found a runed translucent gate.
  6158 | D:8      | Found a radiant altar of Vehumet.
  6782 | D:9      | Reached *** piety under Okawaru
  6787 | D:9      | Found a bloodstained altar of Trog.
  7648 | D:10     | Entered Level 10 of the Dungeon
  7649 | D:10     | Noticed Maurice
  7671 | D:10     | Reached skill level 10 in Armour
  7671 | D:10     | Reached XP level 11. HP: 97/97 MP: 13/13
  7684 | D:10     | Maurice stole 397 gold
  7690 | D:10     | Killed Maurice
  7761 | D:10     | Reached **** piety under Okawaru
  7848 | D:10     | Noticed a two-headed ogre
  7861 | D:10     | Killed a two-headed ogre
  7942 | D:10     | Found Zuniz's Magic Scroll Emporium.
  7950 | D:10     | Bought a scroll of blinking for 105 gold pieces
  7950 | D:10     | Bought a scroll of enchant weapon for 105 gold pieces
  7950 | D:10     | Bought a scroll of revelation for 105 gold pieces
  7950 | D:10     | Bought a scroll of teleportation for 42 gold pieces
  7992 | D:10     | Noticed a two-headed ogre
  8013 | D:10     | Killed a two-headed ogre
  8013 | D:10     | Reached ***** piety under Okawaru
  8110 | D:10     | Reached skill level 10 in Fighting
  8112 | D:10     | Found a sacrificial altar of Ru.
  8189 | D:10     | Noticed Joseph
  8208 | D:10     | Killed Joseph
  8259 | D:10     | Reached skill level 11 in Armour
  8371 | D:10     | Found a stormy altar of Qazlal.
  8393 | D:10     | Found a staircase to the Lair.
  8601 | D:11     | HP: 4/100 [troll (4)]
  8603 | D:11     | Noticed a sun demon
  8604 | D:11     | Reached skill level 5 in Invocations
  8805 | D:11     | Found a staircase to the Orcish Mines.
  9135 | Lair:1   | Entered Level 1 of the Lair of Beasts
  9147 | Lair:1   | Received a gift from Okawaru
  9208 | Lair:1   | Reached XP level 12. HP: 107/107 MP: 15/15
  9241 | Lair:1   | You fall into a shaft and drop 1 floor!
  9339 | Lair:2   | Reached skill level 12 in Armour
  9619 | Lair:2   | Noticed Nergalle
  9740 | Lair:2   | Noticed Fannar
  9742 | Lair:2   | Noticed an eight-headed hydra
  9860 | Lair:2   | Identified the +4 quarterstaff of the Secret Moons
                  | {antimagic, Str+3}
  9868 | Lair:2   | Noticed Urug
  9886 | Lair:2   | Killed Urug
 10046 | Lair:2   | Killed Nergalle
 10281 | Lair:3   | Received a gift from Okawaru
 10282 | Lair:3   | Reached skill level 10 in Axes
 10349 | Lair:3   | Noticed an eight-headed hydra
 10581 | Lair:3   | Noticed a four-headed hydra
 10594 | Lair:3   | Noticed a seven-headed hydra
 10618 | Lair:3   | Killed a 16-headed hydra
 10627 | Lair:3   | Killed a 15-headed hydra
 10795 | Lair:3   | Reached skill level 13 in Armour
 11051 | Lair:4   | Noticed a six-headed hydra
 11336 | D:12     | Received a gift from Okawaru
 11398 | D:12     | Mangled by a skeletal warrior

Illustrated notes

Levels and vault maps discovered:
D:1:      hellmonk_arrival_library, layout_basic, serial_shops,
          nicolae_shop_just_a_little_nook, grunt_decor_arrowhead,
          minmay_misc_feat_tiny, solitary_fountain, minmay_crystal_water,
          kennysheep_nondescript, minmay_ruptured
D:2:      layout_basic
D:3:      layout_basic, dreamdust_ecumenical_altar_sealed_demon,
          chequers_serial_rivers_room_b, kennysheep_nub
D:4:      layout_loops_ring, gammafunk_temple_overflow_forgotten,
          dk_noncrumbling_4, kennysheep_generic_room_9
D:5:      layout_cave_pods, jmf_multi_god_temple, glass_columns_a, uniq_grinder
D:6:      layout_loops_ring, kennysheep_mini, mainiacjoe_overflow_alcove_4,
          gup_sewer_entry_bowl, serial_shops, shop, shop, st_stairs_9,
          uniq_jeremiah, uniq_menkaure, uniq_duvessa
D:7:      layout_basic, minmay_temple_entry_glassed_door, minivault_27,
          grunt_ministairs_15
D:8:      layout_cave_pools, nicolae_vehumet_radiance,
          makhleb_blood_cavern_becter, biasface_ghost_orc_armoury,
          kennysheep_generic_room_11
D:9:      layout_layer_cave, nicolae_overflow_crystal_walls,
          kennysheep_cross_room, nicolae_houndstooth_variations
D:10:     layout_long_grid, marbit_many_paths, mainiacjoe_overflow_chevrons,
          david_lair_shrubbed, serial_shops, nicolae_diamond_shop,
          chequers_serial_rivers_micro_a, nicolae_twisting_strands, uniq_joseph,
          uniq_maurice
D:11:     layout_big_octagon, hiddenorc2_lemuel, serial_glass, glass_columns_c,
          glass_columns_a
D:12:     layout_cave_pods, serial_shops, shop
Temple:   chequers_temple_sunken
Lair:1:   layout_hall_layers, grunt_megastairs_4
Lair:2:   layout_cave_shapes, nicolae_swamp_entry_splash_gauntlet,
          nicolae_snake_entry_squirm, uniq_fannar, uniq_erica, uniq_urug,
          uniq_nergalle
Lair:3:   layout_hall_layers, minivault_24, wad_woods_road_03
Lair:4:   layout_gridlike, serial_rivers, chequers_serial_rivers_small_a,
          chequers_serial_rivers_large_b, chequers_serial_rivers_micro_e,
          chequers_serial_rivers_small_b, chequers_serial_rivers_room_a,
          chequers_serial_rivers_small_b

Skill      XL: |  1  2  3  4  5  6  7  8  9 10 11 12 |
---------------+-------------------------------------+-----
Fighting       | 3 4 5 6 8 9 10 11 | 11.6
Axes           | 2 3 4 6 7 8 9 10 | 10.4
Armour         | 4 5 6 8 10 11 13 | 13.3
Shields        | 4 5 6 |  6.8
Invocations    | 1 3 5 6 |  6.6

Action                     |  1- 3 |  4- 6 |  7- 9 | 10-12 || total
---------------------------+-------+-------+-------+-------++-------
  Melee: War axe           |    77 |   162 |   336 |   776 ||  1351
         Tailslap          |     8 |    11 |    50 |   148 ||   217
 Invoke: Heroism           |       |       |       |     6 ||     6
  Evoke: Wand              |       |       |       |     2 ||     2
    Use: Scroll            |       |     9 |     3 |     8 ||    20
         Potion            |       |     3 |     2 |     8 ||    13
 Armour: Scale mail        |    58 |    89 |       |       ||   147
         Chain mail        |       |    55 |   410 |   946 ||  1411
         Skin              |       |       |       |    55 ||    55
  Dodge: Dodged            |    19 |    58 |   123 |   277 ||   477
  Block: Buckler           |     7 |    33 |    91 |   279 ||   410

Table legend: (Time is in decaauts)
 A = Elapsed time spent in this place.
 B = Non-inter-level travel time spent in this place.
 C = Inter-level travel time spent in this place.
 D = Time resting spent in this place.
 E = Time spent auto-exploring this place.
 F = Levels seen in this place.
 G = Mean time per level.
                   A        B        C        D        E       F      G
               +--------+--------+--------+--------+--------+-----+--------+
         Total |  11555 |  11025 |    530 |    541 |   7763 |  18 |  641.9 |
       Dungeon |   9315 |   8947 |    368 |    362 |   6529 |  12 |  776.2 |
        Temple |     47 |      4 |     43 |      0 |      0 |   1 |   47.0 |
          Lair |   1993 |   1875 |    118 |    165 |   1124 |   4 |  498.2 |
         Sewer |    197 |    197 |      0 |     14 |    110 |   1 |  197.0 |
               +--------+--------+--------+--------+--------+-----+--------+

Top non-repeatable levels by time:
     D:9: 1206 daAuts
     D:3: 1144 daAuts
  Lair:2: 1094 daAuts
     D:5: 1009 daAuts
    D:10: 909 daAuts
     D:4: 834 daAuts
     D:6: 795 daAuts
     D:8: 710 daAuts
  Lair:3: 702 daAuts
     D:7: 697 daAuts
    D:11: 629 daAuts
     D:2: 599 daAuts
     D:1: 586 daAuts
   Sewer: 197 daAuts
    D:12: 193 daAuts
